 Dungeon Crawl Stone Soup version 0.27-a0-1256-gced786f65e (webtiles) character file.

Game seed: 1850489604374487290

57 mordus the Cudgeller (level 3, -4/36 HPs)
             Began as a Troll Monk on June 10, 2021.
             Slain by an orc
             ... wielding a +0 flail
              (8 damage)
             ... on level 3 of the Dungeon.
             The game lasted 00:02:18 (1649 turns).

mordus the Cudgeller (Troll Monk)                   Turns: 1649, Time: 00:02:19

Health: -4/36      AC:  4    Str: 20    XL:     3   Next: 73%
Magic:  2/2        EV: 10    Int:  6    God:
Gold:   66         SH:  0    Dex: 12    Spells: 2/2 levels left

rFire    . . .     SeeInvis .   a - +0 mace
rCold    . . .     Faith    .   (no shield)
rNeg     . . .     Spirit   .   b - +0 robe
rPois    .         Reflect  .   (helmet restricted)
rElec    .         Harm     .   (no cloak)
rCorr    .         Rampage  .   (gloves unavailable)
Will     +....                  (boots unavailable)
Stlth    ++........             j - amulet of magic regeneration
HPRegen  1.12/turn              h - ring of willpower
MPRegen  0.33/turn              (no ring)

@: no status effects
A: large, unfitting armour, claws 3, regeneration 1, shaggy fur 1, tough skin 1
a: no special abilities


You were on level 3 of the Dungeon.
You visited 1 branch of the dungeon, and saw 3 of its levels.

You collected 66 gold pieces.

Inventory:

Hand Weapons
 a - a +0 mace (weapon)
Armour
 b - a +0 robe (worn)
Jewellery
 h - a ring of willpower (left claw)
 j - an amulet of magic regeneration (around neck)
Scrolls
 c - a scroll of magic mapping {unknown}
 e - 2 scrolls of teleportation {unknown}
 f - a scroll of enchant weapon {unknown}
 g - 3 scrolls of identify {unknown}
Potions
 d - 2 potions of heal wounds {unknown}
 i - a potion of lignification {unknown}


   Skills:
 - Level 2.4 Fighting
 + Level 4.3 Maces & Flails
 - Level 2.4 Dodging
 - Level 1.0 Stealth


You had 2 spell levels left.
You didn't know any spells.
Your spell library was empty.

Dungeon Overview and Level Annotations

Branches:
Dungeon (3/15)

Altars:

Shops:
D:1 ?


Innate Abilities, Weirdness & Mutations

You are too large for most types of armour.
You have claws for hands.
Your natural rate of healing is unusually fast.
You are covered in fur. (AC +1)
You have tough skin. (AC +1)


Message History

You kill the hobgoblin!
Found 15 poisoned darts and a pair of boots.
Key pressed, stopping explore.
No target in view!
g - 3 scrolls labelled MAOWNE YCSOUCY (gained 1)
Found an escape hatch in the floor.
No target in view!
A steam dragon comes into view.
The steam dragon hisses angrily.
You hear a shout!
An orc comes into view. It is wielding a +0 flail.
A hobgoblin comes into view.
There are monsters nearby!
Found an escape hatch in the ceiling.
There are monsters nearby!
There are monsters nearby!
The steam dragon breathes steam at you. The ball of steam hits you!!
Ouch! That really hurt!
You hear a bark!
There are monsters nearby!
You are too injured to fight recklessly!
There are monsters nearby!
You are too injured to fight recklessly!
There are monsters nearby!
You are too injured to fight recklessly!
There are monsters nearby!
You are too injured to fight recklessly!
There are monsters nearby!
You are too injured to fight recklessly!
The orc hits you with a +0 flail.
You closely miss the orc. The steam dragon bites you.
The steam dragon claws you.
* * * LOW HITPOINT WARNING * * *
The orc barely misses you. The steam dragon bites you.
* * * LOW HITPOINT WARNING * * *
The steam dragon claws you.
* * * LOW HITPOINT WARNING * * *
Unknown command.
The orc hits you with a +0 flail!
You die...

#.......# #.......#
... #.......#<...
.......#....
#...........
#..!........
#..gD....#
#...o....#..
####.§§@.......
#....§.§.......
#.....§§...>...
#..§§§§.....(...[
#..§§............ #
#.§............... #
#.§§..............#
##
#.................#.#
..
#####................
..


You could see a steam dragon, an orc and a hobgoblin.

Vanquished Creatures
  An adder (D:2)
  A worm (D:3)
  2 dart slugs
  An orc (D:2)
  9 bats
  4 endoplasms
  A giant cockroach (D:2)
  A goblin (D:1)
  4 hobgoblins
  4 quokkas
  2 ball pythons
  2 frilled lizards
  3 kobolds
  5 rats
40 creatures vanquished.

Notes
Turn   | Place    | Note
-------+----------+-------------------------------------------
     0 | D:1      | mordus the Troll Monk began the quest for the Orb.
     0 | D:1      | Reached XP level 1. HP: 22/22 MP: 0/0
   148 | D:1      | Reached skill level 3 in Maces & Flails
   266 | D:1      | Reached XP level 2. HP: 26/29 MP: 1/1
   422 | D:1      | Found Ezuurargh's Magic Scroll Emporium.
   785 | D:2      | Reached XP level 3. HP: 36/36 MP: 2/2
   928 | D:2      | Found a faded altar of an unknown god.
   951 | D:2      | Reached skill level 4 in Maces & Flails
  1643 | D:3      | Noticed a steam dragon
  1649 | D:3      | Slain by an orc

Illustrated notes

Levels and vault maps discovered:
D:1:      dpeg_arrival_castle, layout_basic, serial_shops, shop, minmay_vboxes
D:2:      layout_basic, basic_ecumenical_altar
D:3:      layout_basic, mrwooster_statue_mirror, dk_vineyard_2, glass_columns_a

Skill      XL: |  1  2  3 |
---------------+----------+-----
Maces & Flails | 3 4 |  4.3
Fighting       | |  2.4
Dodging        | |  2.4
Stealth        | |  1.0

Action                   || total
-------------------------++-------
Melee: Mace              ||   120
 Stab: Sleeping          ||     5
Armor: Robe              ||    60
Dodge: Dodged            ||    78

Table legend: (Time is in decaauts)
 A = Elapsed time spent in this place.
 B = Non-inter-level travel time spent in this place.
 C = Inter-level travel time spent in this place.
 D = Time resting spent in this place.
 E = Time spent auto-exploring this place.
 F = Levels seen in this place.
 G = Mean time per level.
                   A        B        C        D        E       F      G
               +--------+--------+--------+--------+--------+-----+--------+
         Total |   1676 |   1642 |     34 |      0 |   1320 |   3 |  558.7 |
       Dungeon |   1676 |   1642 |     34 |      0 |   1320 |   3 |  558.7 |
               +--------+--------+--------+--------+--------+-----+--------+

Top non-repeatable levels by time:
     D:1: 793 daAuts
     D:2: 723 daAuts
     D:3: 158 daAuts
